cohdb
Replays
Latest Replays
All Replays
Popular Replays
Top Player Replays
Match Explorer
How It Works
Community
CoH3 Stats
Reddit
Sign in to upload your games and track your stats! →
Sign in with Steam
Match 47150414
Unlisted
Match 47150414
Overview
Messages
Build Orders
End
Royal Engineer Section
Construct Section Command Post
Selects Indian Artillery Battlegroup
Infantry Section
Infantry Section
Infantry Section
Selects Towed ML 4.2-inch Heavy Mortar
Construct Platoon Command Post
Construct Field Infirmary
Towed ML 4.2-inch Heavy Mortar
Infantry Training
Vickers Machine Gun Team
Selects Off-map Airburst Barrage
6-pounder Anti-tank Gun Team
Selects Perimeter Monitor
Infantry Section
Infantry Section
Selects Valour
Selects Gurkha Rifles Section
Vickers Machine Gun Team
6-pounder Anti-tank Gun Team
Selects Volunteer Infantry
Construct Company Command Post
CAuMOH
K̳itsuné
怎么绘世的猪莎公主
xizi20
0
0
Comments
sign in to comment!
No comments posted yet!